 Dungeon Crawl Stone Soup version 0.20.0-10-g0535bb4 (webtiles) character file.

2641 Inus the Ogre Mage (level 9, -7/96 HPs)
             Began as an Ogre Wizard on June 3, 2017.
             Mangled by an ogre
             ... wielding a +0 giant spiked club
              (8 damage)
             ... on level 7 of the Dungeon.
             The game lasted 00:48:34 (8125 turns).

Inus the Ogre Mage (Ogre Wizard)                    Turns: 8125, Time: 00:48:34

Health: -7/96      AC:  9    Str: 13      XL:     9   Next: 61%
Magic:  14/23      EV: 10    Int: 24      God:
Gold:   309        SH:  0    Dex:  5 (7)  Spells: 8/28 levels left

rFire    . . .     SeeInvis .   e - +3 flail (holy)
rCold    . . .     Gourm    .   (no shield)
rNeg     . . .     Faith    +   i - +2 robe {MR+}
rPois    .         Spirit   .   b - +2 hat
rElec    .         Reflect  .   C - +1 cloak (curse)
rCorr    .         Harm     .   (gloves unavailable)
MR       ++...     Rnd*Rage +   (boots unavailable) Stlth +.........Rnd*Tele +
                                p - amulet of faith
Regen    0.3/turn               l - ring of protection from magic
MPRegen  0.2/turn               a - +2 ring of intelligence

@: no status effects
A: unfitting armour, berserk 1, teleportitis 1, tough skin 1, evolution 1
a: no special abilities


You were on level 7 of the Dungeon.
You were not hungry.

You visited 1 branch of the dungeon, and saw 7 of its levels.
You also visited: Ossuary.

You collected 309 gold pieces.

Inventory:

Hand Weapons
 e - a +3 flail of holy wrath (weapon)
 f - a +0 giant spiked club of venom
Missiles
 o - 6 large rocks (quivered)
Armour
 b - a +2 hat (worn)
 h - a cursed +0 large shield
 i - a +2 robe of magic resistance (worn)
 C - a cursed +1 cloak (worn)
Magical Staves
 t - an uncursed staff of summoning
Jewellery
 a - a +2 ring of intelligence (right hand)
 l - a ring of protection from magic (left hand)
 p - an amulet of faith (around neck)
 u - an uncursed ring of ice
Wands
 y - a wand of flame (26/48)
Scrolls
 k - a scroll of identify
 n - 2 scrolls of remove curse
 q - 3 scrolls of fog
 s - 2 scrolls of teleportation
Potions
 r - 2 potions of magic
 v - 2 potions of curing
 A - a potion of agility
Books
 c - a book of Minor Magic

   Spells                             Type                      Level
   a - Magic Dart                     Conjuration                  1
   b - Blink                          Translocation                2
   c - Call Imp                       Summoning                    2
   d - Slow                           Hexes                        2
   e - Conjure Flame                  Conjuration/Fire             3
   f - Mephitic Cloud                 Conjuration/Poison/Air       3
 m - a book of Misfortune

   Spells                             Type                      Level
   a - Confusing Touch                Hexes                        1
   b - Confuse                        Hexes                        3
   c - Gell's Gravitas                Translocation                3
   d - Petrify                        Transmutation/Earth          4
   e - Metabolic Englaciation         Hexes/Ice                    5
   f - Yara's Violent Unravelling     Hexes/Transmutation          5
Comestibles
 d - 2 bread rations
 j - 4 royal jellies
 w - 3 chunks of flesh


   Skills:
 - Level 8.0 Fighting
 - Level 1.0 Maces & Flails
 + Level 5.8 Dodging
 - Level 1.4 Stealth
 * Level 1.8 Shields
 - Level 10.3 Spellcasting
 - Level 1.3 Conjurations
 - Level 0.8 Summonings
 - Level 0.8 Translocations


You had 8 spell levels left.
You knew the following spells:

 Your Spells              Type           Power        Failure   Level  Hunger
a - Magic Dart            Conj           ###.         3%          1    None
b - Blink                 Tloc           N/A          5%          2    None
c - Call Imp              Summ           ###.....     5%          2    None
d - Conjure Flame         Conj/Fire      ###.....     12%         3    None
e - Slow                  Hex            ##......     8%          2    None
f - Gell's Gravitas       Tloc           ###.......   11%         3    None
g - Confuse               Hex            ##......     16%         3    None
h - Petrify               Tmut/Erth      ##......     45%         4    #......


Dungeon Overview and Level Annotations

Branches:
Dungeon (7/15)             Temple (0/1) D:6

Altars:
Elyvilon
Ru
Yredelemnul


Innate Abilities, Weirdness & Mutations

You are too large for most types of armour.
You have tough skin. (AC +1)
You tend to lose your temper in combat.
You are occasionally teleported next to monsters.
You evolve.


Message History

r - Retreat! s - Stop attacking. g - Guard the area. f - Follow me.
Anything else - Cancel.
Gang up on whom?
Press: ? - help, Dir - move target cursor, f/p - ogre
Aim: an ogre, wielding a giant spiked club (moderately wounded) Attack!
Your crimson imp hits the ogre.
Your crimson imp disappears in a puff of smoke!
The ogre barely misses you.
Your iron imp hits the ogre.
Your crimson imp barely misses the ogre.
Your iron imp hits the ogre.
You barely miss the ogre.
The ogre is severely wounded.
The ogre hits you with a giant spiked club!!
* * * LOW HITPOINT WARNING * * *
Your crimson imp hits the ogre.
Your iron imp barely misses the ogre.
You barely miss the ogre.
The ogre is almost dead.
The ogre hits you with a giant spiked club!
You die...

#....# ####.#
#.# ######.####
#.....§...# ##
#....§....##...
..
#............#
##
#.....55..####
#.(..@O...#
########.....#
##.....#######
#..#...#....
#.# #...... #.#
#...... #.#
#...... #..
#....).
#.##......


You could see an ogre, a friendly iron imp and a friendly crimson imp.

Vanquished Creatures
  The ghost of dialectric the Slasher, a novice GrAK of Lugonu (D:7)
  Eustachio (D:4)
  Edmund (D:4)
  Duvessa (D:5)
  2 ice beasts
  An ogre (D:5)
  A centaur (D:6)
  A bullfrog (D:6)
  5 scorpions (Ossuary)
  2 killer bees (D:7)
  A water moccasin skeleton (D:6)
  A jelly (D:4)
  4 hounds
  3 bullfrog skeletons
  An orc wizard (D:6)
  2 centaur skeletons
  An iguana (D:4)
  2 worker ants
  A hound zombie (D:5)
  2 mummies (Ossuary)
  A worker ant zombie (D:6)
  A howler monkey skeleton (D:5)
  Robin (D:3)
  3 adders
  3 scorpion zombies (Ossuary)
  A shadow imp (D:5)
  2 worms (D:6)
  3 dart slugs (D:3)
  4 leopard geckos
  2 orcs (D:7)
  7 bats
  3 giant cockroaches
  A gnoll zombie (Ossuary)
  12 goblins
  7 hobgoblins
  3 jackals (D:6)
  6 kobolds
  2 quokkas
  6 frilled lizards
  2 goblin zombies (Ossuary)
  2 hobgoblin zombies (Ossuary)
  An orc zombie (Ossuary)
  9 rats
  A fungus (D:6)
117 creatures vanquished.

Vanquished Creatures (collateral kills)
  Prince Ribbit (D:5)
  A human (D:3)
  A phantom (D:3)
  2 ogres
  A centaur (D:6)
  A bullfrog (D:6)
  Dowan (D:5)
  4 scorpions
  A howler monkey (D:5)
  Crazy Yiuf (D:6)
  A centaur zombie (Ossuary)
  3 orc wizards
  Terence (D:2)
  An iguana (D:4)
  A worker ant (D:4)
  A big kobold zombie (Ossuary)
  A hound skeleton (D:4)
  A mummy (Ossuary)
  3 adders
  A scorpion zombie (Ossuary)
  A worm (D:3)
  8 orcs
  2 goblins (D:4)
  2 hobgoblins
  A quokka (D:4)
  2 goblin zombies (Ossuary)
  A kobold zombie (Ossuary)
  An orc zombie (Ossuary)
46 creatures vanquished.

Vanquished Creatures (others)
  A sky beast (D:6)
1 creature vanquished.

Grand Total: 164 creatures vanquished

Notes
Turn   | Place    | Note
-------+----------+-------------------------------------------
     0 | D:1      | Inus the Ogre Wizard began the quest for the Orb.
     0 | D:1      | Reached XP level 1. HP: 16/16 MP: 5/5
    31 | D:1      | Reached skill level 1 in Conjurations
   185 | D:1      | Reached XP level 2. HP: 18/24 MP: 6/6
   274 | D:1      | Reached skill level 4 in Spellcasting
   682 | D:1      | Reached XP level 3. HP: 29/31 MP: 8/8
   832 | D:1      | Learned a level 2 spell: Blink
   835 | D:1      | Learned a level 2 spell: Call Imp
   839 | D:1      | Learned a level 3 spell: Conjure Flame
   842 | D:1      | Learned a level 2 spell: Slow
  1045 | D:2      | Reached skill level 1 in Fighting
  1115 | D:2      | Noticed Terence
  1144 | D:2      | Killed Terence
  1246 | D:2      | Reached XP level 4. HP: 36/44 MP: 7/10
  2129 | D:3      | Noticed a human
  2135 | D:3      | Found a runed door.
  2137 | D:3      | Found a basalt altar of Yredelemnul.
  2206 | D:3      | Killed a human
  2206 | D:3      | Reached skill level 5 in Fighting
  2206 | D:3      | Reached XP level 5. HP: 55/58 MP: 2/11
  2440 | D:4      | Noticed Edmund
  2458 | D:4      | Noticed a phantom
  2459 | D:4      | Noticed Robin
  2746 | D:4      | Killed Edmund
  2746 | D:4      | Reached XP level 6. HP: 49/68 MP: 12/12
  2759 | D:3      | Killed Robin
  2986 | D:3      | Killed a phantom
  3222 | D:4      | Reached skill level 1 in Maces & Flails
  3222 | D:4      | Reached XP level 7. HP: 80/80 MP: 13/13
  3329 | D:4      | Reached skill level 5 in Spellcasting
  3386 | D:4      | Noticed Eustachio
  3405 | D:4      | Killed Eustachio
  4371 | D:5      | Entered Level 5 of the Dungeon
  4480 | D:5      | Found a white marble altar of Elyvilon.
  4525 | D:5      | Reached skill level 6 in Spellcasting
  4624 | D:5      | Noticed Dowan
  4625 | D:5      | Noticed Duvessa
  4673 | D:5      | Killed Dowan
  4673 | D:5      | Reached XP level 8. HP: 35/88 MP: 6/17
  4674 | D:5      | Killed Duvessa
  4707 | D:5      | Found a basalt altar of Yredelemnul.
  4744 | D:5      | Noticed Prince Ribbit
  4753 | D:5      | Gained mutation: You are occasionally teleported next to monsters. [potion of mutation]
  4753 | D:5      | Gained mutation: Your magical capacity is low. (-10% MP) [potion of mutation]
  4753 | D:5      | Gained mutation: You can translocate small distances at will. [potion of mutation]
  4753 | D:5      | Gained mutation: Your system is resistant to poisons. (rPois) [potion of mutation]
  4777 | D:5      | Reached skill level 7 in Spellcasting
  5045 | D:5      | Killed Prince Ribbit
  5289 | D:5      | Learned a level 3 spell: Gell's Gravitas
  5293 | D:5      | Learned a level 3 spell: Confuse
  5298 | D:5      | Learned a level 4 spell: Petrify
  5537 | D:6      | Found a staircase to the Ecumenical Temple.
  5646 | D:6      | Reached skill level 8 in Spellcasting
  5842 | D:6      | Found a sand-covered staircase.
  5848 | Ossuary  | Entered an ossuary
  6148 | Ossuary  | Reached skill level 9 in Spellcasting
  6148 | Ossuary  | Reached XP level 9. HP: 65/96 MP: 13/19
  6516 | Ossuary  | Lost mutation: Your magical capacity is low. (-10% MP) [potion of mutation]
  6516 | Ossuary  | Lost mutation: You are occasionally teleported next to monsters. [potion of mutation]
  6516 | Ossuary  | Lost mutation: You can translocate small distances at will. [potion of mutation]
  6516 | Ossuary  | Gained mutation: You are occasionally teleported next to monsters. [potion of mutation]
  6516 | Ossuary  | Gained mutation: You have a pair of small horns on your head. [potion of mutation]
  6516 | Ossuary  | Gained mutation: You are robust. (+10% HP) [potion of mutation]
  6517 | Ossuary  | Lost mutation: You have a pair of small horns on your head. [potion of mutation]
  6517 | Ossuary  | Lost mutation: Your system is resistant to poisons. (rPois) [potion of mutation]
  6517 | Ossuary  | Lost mutation: You are robust. (+10% HP) [potion of mutation]
  6517 | Ossuary  | Gained mutation: You tend to lose your temper in combat. [potion of mutation]
  6517 | Ossuary  | Gained mutation: You evolve. [potion of mutation]
  6642 | D:6      | Reached skill level 5 in Dodging
  6828 | D:6      | Found a runed door.
  6832 | D:6      | Noticed Crazy Yiuf
  6854 | D:6      | Killed Crazy Yiuf
  7521 | D:7      | Noticed dialectric's ghost (novice GrAK)
  7540 | D:7      | Killed dialectric's ghost
  7540 | D:7      | Reached skill level 10 in Spellcasting
  7620 | D:7      | HP: 3/96 [ogre/giant club (16)]
  7622 | D:7      | Reached skill level 1 in Shields
  7995 | D:7      | Found a sacrificial altar of Ru.
  8124 | D:7      | HP: 1/96 [ogre/giant spiked club (20)]
  8125 | D:7      | Mangled by an ogre

Skill      XL: |  1  2  3  4  5  6  7  8  9 |
---------------+----------------------------+-----
Conjurations   | 1 |  1.3
Dodging        | 2 3 4 5 |  5.8
Spellcasting   | 4 6 9 10 | 10.3
Fighting       | 2 5 6 8 |  8.0
Maces & Flails | 1 |  1.0
Shields        | 1 |  1.8
Stealth        | |  1.4
Summonings     | |  0.8
Translocations | |  0.8

Action                   |  1- 3 |  4- 6 |  7- 9 || total
-------------------------+-------+-------+-------++-------
Melee: Hand axe          |    98 |       |       ||    98
       Mace              |    12 |   112 |       ||   124
       Flail             |       |     7 |   280 ||   287
Throw: Large rock        |       |     2 |       ||     2
 Cast: Magic Dart        |    17 |    21 |     5 ||    43
       Call Imp          |     5 |    26 |   102 ||   133
       Blink             |       |     1 |     1 ||     2
       Conjure Flame     |       |     1 |       ||     1
       Slow              |       |       |     3 ||     3
  Use: Scroll            |     1 |     4 |    17 ||    22
       Potion            |     2 |     6 |    12 ||    20
 Stab: Sleeping          |     1 |     1 |       ||     2
       Distracted        |       |     1 |     2 ||     3
  Eat: Chunk             |     1 |     4 |     6 ||    11
       Bread ration      |       |     1 |     1 ||     2
       Fruit             |       |       |     2 ||     2
       Meat ration       |       |       |     1 ||     1
Armor: Robe              |    49 |    41 |   124 ||   214
Dodge: Dodged            |    83 |    92 |   230 ||   405
